 Dungeon Sprint DCSS version 0.30.1-11-g7821555f0a (webtiles) character file.

Game seed: 4311897444699643916

32600000 Groucho the Intangible (level 27, 228/228 HPs)
             Began as a Djinni Warper on Nov 28, 2023.
             Was the Champion of Makhleb.
             Escaped with the Orb!
             The game lasted 00:06:41 (163 turns).

Groucho the Intangible (Djinni Warper)               Turns: 163, Time: 00:06:42

Health: 228/228    AC:  6    Str: 10    XL:     27
Gold:   0          EV: 29    Int: 24    God:    Makhleb [******] SH:  0 Dex: 18

rFire   + + .        i - +∞ Axe of Woe
rCold   x . .        (shield currently unavailable)
rNeg    . . .        b - +0 leather armour
rPois   ∞            (no helmet)
rElec   .            (no cloak)
rCorr   .            (no gloves)
SInv    +            (boots unavailable)
Will    ++...        (no amulet)
Stlth   +++          j - ring of see invisible
HPRegen 0.58/turn    (no ring)
MPRegen 0.00/turn

%: no teleportation
@: flying, hasted and slowed
A: sickness immunity, fire resistance 2, cold vulnerability 1, float, innate
caster, HP casting, extra vitality 1
0: Orb of Zot
a: Renounce Religion, Minor Destruction, Lesser Servant of Makhleb, Major
Destruction, Greater Servant of Makhleb


You escaped.
You worshipped Makhleb.
Makhleb was exalted by your worship.
You visited 1 branch

Inventory:

Hand Weapons
 a - a +0 hand axe
 i - the +∞ Axe of Woe (weapon)
   (You found it in the Dungeon)
Missiles
 d - 7 boomerangs of dispersal
Armour
 b - a +0 leather armour (worn)
Jewellery
 j - a ring of see invisible (left hand)
 k - a +30 ring of slaying
Scrolls
 c - 2 scrolls of blinking
Potions
 e - a potion of curing
 f - a potion of heal wounds
 h - a potion of berserk rage


   Skills:
 O Level 27 Fighting
 O Level 27 Short Blades
 O Level 27 Long Blades
 O Level 27 Axes
 O Level 27 Maces & Flails
 O Level 27 Polearms
 O Level 27 Staves
 O Level 27 Ranged Weapons
 O Level 27 Throwing
 O Level 27 Armour
 O Level 27 Dodging
 O Level 27 Stealth
 O Level 27 Shields
 O Level 27 Unarmed Combat
 O Level 27 Spellcasting
 O Level 27 Invocations
 O Level 27 Evocations


You knew the following spells:

 Your Spells              Type           Power      Damage    Failure   Level
a - Blink                 Tloc           100%       N/A       0%          2
b - Lesser Beckoning      Tloc           100%       N/A       0%          2
c - Vhi's Electric Charg  Tloc/Air       100%       N/A       0%          3
d - Teleport Other        Tloc           100%       N/A       0%          3
e - Manifold Assault      Tloc           100%       N/A       0%          4
f - Sting                 Tmut/Pois      100%       1d8       0%          1
g - Poisonous Vapours     Pois/Air       100%       N/A       0%          2
h - Confusing Touch       Hex            100%       N/A       0%          3
i - Hailstorm             Conj/Ice       100%       3d20      0%          3
j - Metabolic Englaciati  Hex/Ice        52%        N/A       0%          5
k - Fireball              Conj/Fire      52%        3d20      0%          5
l - Eringya's Noxious Bo  Tmut/Pois      52%        N/A       0%          6
m - Enfeeble              Hex            52%        N/A       0%          7
n - Starburst             Conj/Fire      52%        6d14      0%          6
o - Orb of Destruction    Conj           52%        9d13      0%          7
p - Ozocubu's Refrigerat  Ice            52%        4d19      0%          7
q - Fire Storm            Conj/Fire      52%        8d13      1%          9
r - Death's Door          Necr           52%        N/A       1%          9
Your spell library was empty.

Dungeon Overview and Level Annotations

Branches:
Dungeon (1/1)

Altars:
Makhleb


Innate Abilities, Weirdness & Mutations

You are immune to sickness and miasma.
You are immune to poison.
Your flesh is very heat resistant. (rF++)
You are vulnerable to cold. (rC-)
You float through the air rather than walking.
You learn spells naturally, not from books.
Your magical power is your life essence.
You have superior vitality. (+4 MHP)


Message History

The Meatlord is nearby!
Casting: Manifold Assault (safe; 0% risk of failure)
Press: ? - help, Q - select action, (/) - cycle Dir - look around, f - activate Space momentarily warps into an impossible shape!
You slice The Meatlord!! You chop The Meatlord into pieces.
You kill The Meatlord!
Makhleb accepts your kill.
You feel better. ------------------------------------------------------------------------------ ------------------------------------------------------------------------------ -- You have destroyed The Meatlord. -- ------------------------------------------------------------------------------ ------------------------------------------------------------------------------ ------------------------------------------------------------------------------ ------------------------------------------------------------------------------ -- You will die a champion. -- ------------------------------------------------------------------------------ ------------------------------------------------------------------------------ The Orb of Zot has appeared underneath you.
You hear a shout!
A wretched soul comes into view.
You hear a shout! x2
Unknown command.
Unknown command.
Unknown command.
You pick up the Orb of Zot!
The Orb lets out a hideous shriek!
The lords of Pandemonium are not amused.
Beware!
Now all you have to do is get back out of the dungeon!
The sculptor of flesh appears out of thin air!
A sculptor of flesh comes into view. It is wielding a +9 great sword.
You hear a roar!
You hear a shout! x2; You hear an angry hiss.
You hear a shout! x3; You hear a loud, deep croak!
You hear an angry hiss. x2
You hear two shouts!
You hear a shout! x5; You hear a bleat!
You hear a shout! x7
You hear a screech!
You hear a shout! x4; You hear a roar!
You hear a shout! x2
You hear an angry hiss.
You hear a bellow!
You hear a shout! x7
You hear two shouts!
You hear a shout! x3; You hear two shouts!
You hear a shout! x4; You hear a screech!
You hear a howl!
You hear a shout!
You hear a roar!
You hear a shout! x8; You hear a chilling moan.
You hear a shout! x7; You hear two shouts!
You hear a shout! x13
You hear a trumpeting!
You hear a shout! x2; You hear a roar!
You hear a shout!
You hear a roar!
You hear a shout!
You hear a roar!
You hear a shout! x5
You hear a roar!
You hear a shout!
You hear an angry hiss.
You hear a shout! x15
A tyrant comes into view.
An eight-headed meat hydra comes into view.
Unknown command.
You hear a shout! x7
You have escaped!
O)

...)) #2. .))# #..
.))# . ..2###...
...###)..
..))....###)).W))..
#....)).._..).).o..
......#...).#......
......#_z@)_#......
......#..)))#......
#.....))._).)......
...)...)###)...))).
.D.###.))....###...
....#...))).#.....
o...#.......#.....
...))))..).)†W.....
....)).)))......)#.


You could see 2 meat beasts, a sculptor of flesh, a dread, a meat berserker
(berserk) and a wretched soul (invisible).

Vanquished Creatures
  Dispater (D)
  6 hell knights (D)
  Sigmund (D)
  7 hell beasts (D)
  12 royal mummies (D)
  7 great orbs of eyes (D)
  10 wraiths (D)
  17 vampire knights (D)
  47 ogres (D)
  4 two-headed ogres (D)
  12 liches (D)
  6 hydras (D)
  6 phantoms (D)
  62 orcs (D)
  3 skeletal warriors (D)
  11 sea snakes (D)
212 creatures vanquished.

Notes
Turn   | Place    | Note
-------+----------+-------------------------------------------
     0 | D        | Found the +∞ Axe of Woe
     0 | D        | Groucho the Djinni Warper began the quest for the Orb.
     0 | D        | Groucho set off with the following spells memorised: Blink,
                  | Lesser Beckoning, Vhi's Electric Charge, Teleport Other,
                  | Manifold Assault.
     0 | D        | Reached XP level 1. HP: 18/18 MP: 0/0
     0 | D        | Noticed a meat berserker
     2 | D        | Noticed a bag of meat
     2 | D        | Noticed a bag of meat
     3 | D        | Noticed a bag of meat
     4 | D        | Became a worshipper of Makhleb the Destroyer
     4 | D        | Noticed a meat berserker
     4 | D        | Noticed a bag of meat
     5 | D        | Noticed a bag of meat
     7 | D        | Killed a bag of meat
     7 | D        | Killed a meat berserker
     7 | D        | Reached * piety under Makhleb
     7 | D        | Killed a meat berserker
     7 | D        | Noticed a meat berserker
     7 | D        | Noticed a meat berserker
     7 | D        | Noticed a bag of meat
     8 | D        | Reached skill level 15 in Axes
     8 | D        | Reached skill level 27 in Dodging
     8 | D        | Reached XP level 2. HP: 23/23 MP: 0/0
     8 | D        | Reached XP level 3. HP: 28/28 MP: 0/0
     8 | D        | Learned a level 1 spell: Sting
     8 | D        | Reached XP level 4. HP: 33/33 MP: 0/0
     8 | D        | Reached XP level 5. HP: 38/38 MP: 0/0
     8 | D        | Learned a level 2 spell: Poisonous Vapours
     8 | D        | Reached XP level 6. HP: 43/43 MP: 0/0
     8 | D        | Reached XP level 7. HP: 49/49 MP: 0/0
     8 | D        | Learned a level 3 spell: Confusing Touch
     8 | D        | Reached XP level 8. HP: 54/54 MP: 0/0
     8 | D        | Reached XP level 9. HP: 58/58 MP: 0/0
     8 | D        | Learned a level 3 spell: Hailstorm
     8 | D        | Reached XP level 10. HP: 64/64 MP: 0/0
     8 | D        | Reached XP level 11. HP: 68/68 MP: 0/0
     8 | D        | Learned a level 5 spell: Metabolic Englaciation
     8 | D        | Reached XP level 12. HP: 74/74 MP: 0/0
     8 | D        | Reached XP level 13. HP: 78/78 MP: 0/0
     8 | D        | Learned a level 5 spell: Fireball
     8 | D        | Reached XP level 14. HP: 85/85 MP: 0/0
     8 | D        | Killed a bag of meat
     8 | D        | Noticed a bag of meat
     9 | D        | Reached skill level 15 in Spellcasting
     9 | D        | Killed a bag of meat
     9 | D        | Reached ** piety under Makhleb
     9 | D        | Noticed a meat berserker
    10 | D        | Killed a meat berserker
    10 | D        | Noticed a meat berserker
    10 | D        | Noticed a bag of meat
    10 | D        | Noticed a bag of meat
    11 | D        | Reached XP level 15. HP: 58/89 MP: 0/0
    11 | D        | Learned a level 6 spell: Eringya's Noxious Bog
    11 | D        | Killed a meat berserker
    11 | D        | Reached *** piety under Makhleb
    11 | D        | Noticed a meat berserker
    12 | D        | Reached XP level 16. HP: 61/94 MP: 0/0
    12 | D        | Noticed a meat berserker
    13 | D        | Killed a meat berserker
    13 | D        | Reached **** piety under Makhleb
    14 | D        | Reached XP level 17. HP: 99/99 MP: 0/0
    14 | D        | Learned a level 7 spell: Enfeeble
    14 | D        | Killed a meat berserker
    14 | D        | Reached ***** piety under Makhleb
    15 | D        | Reached skill level 27 in Axes
    15 | D        | Reached skill level 27 in Spellcasting
    15 | D        | Reached XP level 18. HP: 124/124 MP: 0/0
    15 | D        | Killed a meat berserker
    19 | D        | Noticed a meat berserker
    20 | D        | Noticed a large bag of meat
    21 | D        | Killed a meat berserker
    22 | D        | Reached skill level 15 in Fighting
    22 | D        | Reached skill level 15 in Armour
    22 | D        | Reached skill level 15 in Invocations
    22 | D        | Reached XP level 19. HP: 88/143 MP: 0/0
    22 | D        | Learned a level 6 spell: Starburst
    22 | D        | Noticed a meat berserker
    23 | D        | Noticed a meat berserker
    23 | D        | Noticed a large bag of meat
    24 | D        | Killed a meat berserker
    24 | D        | Killed a meat berserker
    24 | D        | Reached ****** piety under Makhleb
    25 | D        | Reached XP level 20. HP: 142/161 MP: 0/0
    25 | D        | Killed a large bag of meat
    25 | D        | Killed a meat berserker
    25 | D        | Noticed a meat berserker
    26 | D        | Killed a large bag of meat
    26 | D        | Noticed a destroyer
    27 | D        | Reached XP level 21. HP: 168/178 MP: 0/0
    27 | D        | Learned a level 7 spell: Orb of Destruction
    29 | D        | Killed a destroyer
    29 | D        | Noticed a large bag of meat
    30 | D        | Noticed a destroyer
    31 | D        | Killed a meat berserker
    31 | D        | Noticed a meat berserker
    32 | D        | Killed a destroyer
    32 | D        | Killed a meat berserker
    33 | D        | Reached skill level 27 in Fighting
    33 | D        | Reached skill level 27 in Armour
    33 | D        | Reached skill level 27 in Stealth
    33 | D        | Reached skill level 27 in Invocations
    33 | D        | Reached XP level 22. HP: 188/194 MP: 0/0
    33 | D        | Noticed a meat berserker
    36 | D        | Noticed a destroyer
    37 | D        | Killed a destroyer
    38 | D        | Killed a meat berserker
    38 | D        | Killed a large bag of meat
    39 | D        | Reached skill level 10 in Short Blades
    39 | D        | Reached skill level 10 in Long Blades
    39 | D        | Reached skill level 10 in Staves
    39 | D        | Reached XP level 23. HP: 193/201 MP: 0/0
    39 | D        | Learned a level 7 spell: Ozocubu's Refrigeration
    39 | D        | Noticed a destroyer
    41 | D        | Reached skill level 10 in Maces & Flails
    41 | D        | Reached skill level 10 in Polearms
    41 | D        | Reached skill level 10 in Ranged Weapons
    41 | D        | Reached skill level 10 in Throwing
    41 | D        | Killed a destroyer
    42 | D        | Noticed a destroyer
    47 | D        | Killed a destroyer
    48 | D        | Reached skill level 15 in Shields
    48 | D        | Reached skill level 15 in Unarmed Combat
    48 | D        | Reached skill level 15 in Evocations
    48 | D        | Reached XP level 24. HP: 208/208 MP: 0/0
    50 | D        | Noticed an accursed
    50 | D        | Noticed an accursed
    53 | D        | Noticed a tyrant
    54 | D        | Killed a tyrant
    55 | D        | Reached skill level 15 in Short Blades
    55 | D        | Reached skill level 15 in Long Blades
    55 | D        | Reached skill level 15 in Staves
    56 | D        | Killed an accursed
    56 | D        | Noticed a destroyer
    57 | D        | Reached XP level 25. HP: 198/214 MP: 0/0
    57 | D        | Learned a level 9 spell: Fire Storm
    57 | D        | Noticed an accursed
    59 | D        | Noticed a tyrant
    60 | D        | Killed an accursed
    60 | D        | Killed a destroyer
    61 | D        | Killed a tyrant
    62 | D        | Reached XP level 26. HP: 50/221 MP: 0/0
    63 | D        | Killed an accursed
    64 | D        | Noticed a meat beast
    66 | D        | Noticed a meat beast
    67 | D        | Reached XP level 27. HP: 208/228 MP: 0/0
    67 | D        | Learned a level 9 spell: Death's Door
    67 | D        | Killed a meat beast
    67 | D        | Killed a meat beast
    68 | D        | Reached skill level 27 in Shields
    68 | D        | Reached skill level 27 in Unarmed Combat
    68 | D        | Reached skill level 27 in Evocations
    68 | D        | Noticed a dread
    68 | D        | Noticed a destroyer
    68 | D        | Noticed a dread
    70 | D        | Noticed a dread
    70 | D        | Killed a destroyer
    70 | D        | Killed a dread
    70 | D        | Killed a dread
    71 | D        | Reached skill level 27 in Short Blades
    71 | D        | Reached skill level 27 in Long Blades
    71 | D        | Reached skill level 27 in Staves
    71 | D        | Killed a dread
    72 | D        | Reached skill level 27 in Maces & Flails
    72 | D        | Reached skill level 27 in Polearms
    72 | D        | Reached skill level 27 in Ranged Weapons
    72 | D        | Reached skill level 27 in Throwing
    78 | D        | Noticed a destroyer
    79 | D        | Killed a destroyer
    80 | D        | Noticed a destroyer
    80 | D        | Noticed a destroyer
    81 | D        | Noticed a destroyer
    82 | D        | Killed a destroyer
    82 | D        | Noticed a destroyer
    83 | D        | Killed a destroyer
    84 | D        | Killed a destroyer
    85 | D        | Noticed a meat beast
    86 | D        | Killed a meat beast
    89 | D        | Noticed a dread
    90 | D        | Killed a dread
    90 | D        | Noticed The Captor
    91 | D        | Killed The Captor
    98 | D        | Noticed a tyrant
    99 | D        | Killed a tyrant
   102 | D        | Noticed a dread
   103 | D        | Noticed an accursed
   103 | D        | Killed a dread
   103 | D        | Killed an accursed
   110 | D        | Noticed a tyrant
   112 | D        | Noticed an accursed
   112 | D        | Noticed a meat beast
   113 | D        | Noticed a large bag of meat
   113 | D        | Killed a tyrant
   113 | D        | Killed an accursed
   113 | D        | Noticed a meat beast
   113 | D        | Noticed an accursed
   113 | D        | Noticed an accursed
   114 | D        | Killed an accursed
   114 | D        | Killed a meat beast
   114 | D        | Killed an accursed
   115 | D        | Noticed a tyrant
   116 | D        | Noticed a destroyer
   116 | D        | Noticed a dread
   117 | D        | Killed a meat beast
   117 | D        | Killed a destroyer
   118 | D        | Noticed a dread
   120 | D        | Killed a large bag of meat
   120 | D        | Noticed a meat beast
   121 | D        | Killed a dread
   121 | D        | Noticed a fleshlord
   122 | D        | Noticed a tyrant
   123 | D        | Noticed a tyrant
   123 | D        | Noticed a destroyer
   124 | D        | Killed a tyrant
   124 | D        | Noticed a tyrant
   124 | D        | Noticed a tyrant
   125 | D        | Killed a meat beast
   126 | D        | Killed a destroyer
   126 | D        | Killed a tyrant
   127 | D        | Noticed a dread
   128 | D        | Killed a dread
   128 | D        | Killed a dread
   128 | D        | Noticed a destroyer
   128 | D        | Noticed a tyrant
   129 | D        | Killed a tyrant
   129 | D        | Noticed a fleshlord
   130 | D        | Killed a destroyer
   130 | D        | Killed a destroyer
   131 | D        | Killed a fleshlord
   131 | D        | Noticed an accursed
   133 | D        | Noticed a meat beast
   134 | D        | Killed a fleshlord
   134 | D        | Killed a meat beast
   136 | D        | Killed a tyrant
   136 | D        | Noticed a fleshlord
   137 | D        | Killed a fleshlord
   139 | D        | Killed an accursed
   139 | D        | Killed a tyrant
   139 | D        | Noticed a destroyer
   140 | D        | Killed a tyrant
   140 | D        | Killed a destroyer
   140 | D        | Noticed a fleshlord
   141 | D        | Noticed a dread
   142 | D        | Killed a fleshlord
   143 | D        | Killed a dread
   143 | D        | Noticed an accursed
   144 | D        | Noticed an accursed
   145 | D        | Killed an accursed
   145 | D        | Killed an accursed
   148 | D        | Noticed an accursed
   148 | D        | Noticed a dread
   149 | D        | Killed an accursed
   149 | D        | Killed a dread
   149 | D        | Noticed a fleshlord
   149 | D        | Noticed a tyrant
   150 | D        | Killed a tyrant
   150 | D        | Killed a fleshlord
   150 | D        | Noticed a destroyer
   151 | D        | Killed a destroyer
   151 | D        | Noticed a tyrant
   152 | D        | Killed a tyrant
   154 | D        | Noticed a fleshlord
   155 | D        | Killed a fleshlord
   156 | D        | Noticed an accursed
   157 | D        | Killed an accursed
   159 | D        | Noticed The Meatlord
   160 | D        | Killed The Meatlord
   161 | D        | Got the Orb of Zot
   161 | D        | Noticed a tyrant
   162 | D        | Noticed a meat beast
   162 | D        | Noticed a dread
   162 | D        | Noticed a meat beast
   163 | D        | Escaped with the Orb!

Illustrated notes

Levels and vault maps discovered:
D:        meatsprint

Skill      XL: |  1  2  3  4  5  6  7  8  9 10 11 12 13 14 15 16 17 18 19 20 21 22 23 24 25 26 27 |
---------------+----------------------------------------------------------------------------------+-----
Axes           | 15 20 22 26 27 | 27.0
Dodging        | 27 | 27.0
Spellcasting   | 14 18 20 25 27 | 27.0
Fighting       | 9 15 19 23 27 | 27.0
Armour         | 9 15 19 23 27 | 27.0
Stealth        | 8 13 18 22 27 | 27.0
Invocations    | 9 15 19 23 27 | 27.0
Short Blades   | 6 10 14 17 20 22 27 | 27.0
Long Blades    | 6 10 14 17 20 22 27 | 27.0
Maces & Flails | 6 9 13 16 18 20 27 | 27.0
Polearms       | 6 9 13 16 18 20 27 | 27.0
Staves         | 6 10 14 17 20 22 27 | 27.0
Ranged Weapons | 6 9 13 16 18 20 27 | 27.0
Throwing       | 6 9 13 16 18 20 27 | 27.0
Shields        | 7 11 15 18 21 24 27 | 27.0
Unarmed Combat | 7 11 15 18 21 24 27 | 27.0
Evocations     | 7 11 15 18 21 24 27 | 27.0

Action                     |  1- 3 |  4- 6 |  7- 9 | 10-12 | 13-15 | 16-18 | 19-21 | 22-24 | 25-27 || total
---------------------------+-------+-------+-------+-------+-------+-------+-------+-------+-------++-------
  Melee: Executioner's axe |     1 |       |       |       |     4 |    12 |    16 |    14 |   165 ||   212
   Cast: Manifold Assault  |       |       |       |       |       |     3 |     3 |     3 |    56 ||    65
    Use: Potion            |       |       |       |       |       |       |       |       |     1 ||     1
 Armour: Leather armour    |       |       |       |       |       |       |       |       |     1 ||     1
  Dodge: Dodged            |       |       |       |       |     1 |       |       |       |     2 ||     3
